Map: Ever Dream LE

Players

Zest - Winner!

  • Race: Protoss Protoss
  • Spawn Location: 7:00

HeroMarine

  • Race: Terran Terran
  • Spawn Location: 1:00

Event: Shopify TSL 5

VOD

Have the link to the VOD?

Description

Time

  • Played on: May 30, 2020, 10:17 a.m.
  • Length: 4:43

All games in this series

Show
View Real Time Build Order
Export as new Build Order

Zest Protoss - Winner!

Build Orders: 1 Gate Expand, Dark Templar Rush 

Get SALT Encoding   

  12  0:00  Probe  
  13  0:13  Probe  
  14  0:17  Pylon  
  14  0:25  Probe (Chrono Boost)  
  15  0:36  Gateway  
  15  0:37  Probe (Chrono Boost)  
  16  0:45  Probe (Chrono Boost)  
  16  0:46  Assimilator  
  17  0:51  Probe  
  18  1:03  Probe  
  19  1:15  Probe  
  20  1:23  Cybernetics Core  
  20  1:32  Nexus  
  20  1:34  Probe  
  21  1:41  Pylon  
  21  1:47  Probe  
  22  1:49  Assimilator  
  22  1:57  Adept (Chrono Boost)  
  22  1:59  Probe (Chrono Boost)  
  25  2:02  Warp Gate  
  25  2:11  Probe (Chrono Boost)  
  26  2:19  Probe (Chrono Boost)  
  26  2:22  Twilight Council  
  27  2:25  Probe  
  28  2:32  Stalker  
  30  2:40  Probe (Chrono Boost)  
  30  2:42  Pylon  
  31  2:44  Probe (Chrono Boost)  
  33  2:55  Probe (Chrono Boost)  
  33  2:56  Probe (Chrono Boost)  
  34  3:01  Probe, Dark Shrine  
  34  3:03  Probe  
  36  3:08  Stalker  
  38  3:14  Gateway  
  38  3:18  Probe x2 (Chrono Boost)  
  40  3:25  Gateway  
  40  3:30  Probe (Chrono Boost)  
  42  3:35  Probe (Chrono Boost)  
  42  3:37  Assimilator  
  42  3:38  Probe (Chrono Boost)  
  42  3:40  Assimilator  
  43  3:42  Probe (Chrono Boost)  
  43  3:45  Pylon  
  43  3:47  Probe  
  45  3:53  Pylon  
  45  3:54  Probe  
  46  3:59  Probe  
  47  4:06  Probe  
  48  4:11  Probe, Pylon  
  48  4:14  Dark Templar x2  
  53  4:20  Dark Templar  
  53  4:23  Probe x2, Robotics Facility  
  57  4:29  Pylon  
  57  4:30  Shield Battery  
Show
View Real Time Build Order
Export as new Build Order

HeroMarine Terran 

Build Orders: Gas First Reaper Expand 

Get SALT Encoding   

  12  0:00  SCV  
  13  0:13  SCV  
  14  0:17  Supply Depot  
  14  0:25  SCV  
  15  0:29  Refinery  
  15  0:38  SCV  
  16  0:45  Barracks  
  16  0:50  SCV  
  17  1:02  SCV  
  18  1:15  SCV  
  19  1:32  Reaper, Orbital Command  
  20  1:45  Command Center  
  20  1:54  Factory  
  20  1:58  SCV  
  21  2:06  Barracks Reactor  
  21  2:10  SCV  
  21  2:14  Supply Depot  
  22  2:19  Bunker  
  22  2:23  SCV  
  22  2:28  Refinery  
  23  2:36  SCV  
  24  2:39  Hellion  
  24  2:43  Starport  
  26  2:45  Marine  
  26  2:47  Marine  
  26  2:49  SCV  
  29  2:59  Orbital Command  
  29  3:01  SCV  
  30  3:05  Factory Tech Lab  
  30  3:10  Marine x2  
  32  3:13  SCV  
  33  3:25  SCV  
  33  3:26  SCV  
  35  3:27  Marine  
  35  3:28  Marine, Banshee  
  40  3:37  Supply Depot  
  40  3:39  SCV  
  40  3:40  SCV  
  42  3:42  Factory Tech Lab  
  42  3:47  Marine x2  
  44  3:51  SCV  
  44  3:52  SCV  
  46  3:59  Supply Depot  
  46  4:02  Siege Tank  
  48  4:03  SCV  
  48  4:04  SCV  
  48  4:07  Marine x2  
  48  4:09  Supply Depot  
  52  4:16  SCV x2  
  57  4:24  Marine x2  
  57  4:28  SCV x2  
  57  4:30  Barracks  
Tags
 
Add a new tag
Caveats
  • Supply blocks, unpowered buildings, or Contaminate may cause inaccurate times.
  • Supply counts are checked every 10 seconds.